ElectroGuy, lawful female human Valkyrie ------------ |......<.... |..........| |..........| |...........###f@& ------------ ElectroGuy the Woman-at-arms Experience level: 10 Strength: 18 Dexterity: 17 Constitution: 18 Intelligence: 8 Wisdom: 11 Charisma: 11 Health: 0(89) Energy: 30(30) Def: 10 Gold: 849 Moves: 10785 Dungeon seed: 6qJWBU9dDDujECoG Game ID: ElectroGuy_1577460001 Your Inventory: Coins $ - 849 gold pieces Weapons b - a +0 dagger (in quiver) v - 2 +0 daggers w - a +0 katana (weapon in hand) x - a +0 aklys Armor z - an uncursed +0 pair of iron shoes (being worn) B - an uncursed +0 dwarvish cloak (being worn) L - an uncursed +0 dwarvish iron helm (being worn) M - an uncursed +0 dwarvish mithril-coat (being worn) Comestibles o - 2 blessed tins of gecko meat p - 2 uncursed food rations A - an uncursed tin of shrieker Y - an uncursed tripe ration Scrolls a - an uncursed scroll of light m - an uncursed scroll of identify Wands f - a wand of undead turning (0:2) k - a wand of fire (0:1) l - a wand of magic missile (1:2) E - a wand of create monster (0:11) Tools c - a cursed brass lantern (0:613) i - an expensive camera (0:74) j - a +0 unicorn horn s - an uncursed blindfold t - a +0 pick-axe (alternate weapon; not wielded) u - an uncursed credit card C - a cursed figurine of a fox G - an uncursed wooden flute H - an uncursed mirror K - an uncursed bell Q - an uncursed towel R - a cursed wax candle (0:400) T - an uncursed magic whistle U - an uncursed lock pick X - a tinning kit (0:75) Gems d - an uncursed worthless piece of yellowish brown glass e - an uncursed worthless piece of orange glass g - an uncursed ruby n - an uncursed black opal q - an uncursed worthless piece of yellow glass r - 3 uncursed worthless pieces of black glass y - an uncursed luckstone D - 2 uncursed emeralds F - 2 uncursed worthless pieces of violet glass I - 2 uncursed diamonds J - 2 uncursed agate stones N - an uncursed turquoise stone O - 2 uncursed amethyst stones P - an uncursed worthless piece of white glass S - 2 uncursed worthless pieces of green glass V - 2 uncursed worthless pieces of red glass W - 2 uncursed aquamarine stones Z - an uncursed jade stone Spells and supernatural/magical abilities: Name Level Category Fail Memory z - sleep 1 enchantment 100% 81% E - detect food 2 divination 100% 63% H - haste self 3 escape 100% 51% O - create monster 2 clerical 100% 72% W - pray for help -- divine ? -- Your skills at the end: Fighting Skills two weapon combat [Skilled] Weapon Skills dagger [Basic] long sword [Skilled] Spellcasting Skills Final Attributes: You were piously aligned. You were cold resistant. You were telepathic. You were stealthy. You could teleport. You were fast. You were lucky. You had extra luck. Bad luck did not time out for you. Good luck did not time out for you. You are dead. Vanquished creatures: an ettin a giant mimic a large mimic an earth elemental a warg 6 small mimics a glass piercer a warhorse a quantum mechanic a flaming sphere a large cat an elf mummy a python a succubus a chameleon a giant beetle a cockatrice 4 wolves a winter wolf cub 2 lynxes a panther a gremlin 2 leprechauns 2 giant spiders a scorpion a horse an ice vortex 7 gnome kings a brown pudding 2 yetis a gold golem a black unicorn 2 dust vortices a raven a plains centaur 3 gnome mummies a rope golem 2 Woodland-elves 17 bugbears 3 wood nymphs a water nymph a mountain nymph 11 Mordor orcs an orc shaman a pony a fog cloud a shrieker 25 gnome lords 10 gnomish wizards 2 kobold mummies a golden naga hatchling 3 gray oozes 4 elf zombies 2 straw golems 2 little dogs 2 floating eyes 2 kittens 20 dwarves a homunculus a kobold lord a kobold shaman 7 hill orcs 4 rothes a rabid rat a centipede a giant bat 5 monkeys 2 orc zombies 2 dwarf zombies a werejackal 2 iguanas 2 acid blobs 6 coyotes 4 hobbits a large kobold 16 hobgoblins 3 giant rats a cave spider 4 brown molds a red mold 80 gnomes 2 garter snakes 2 gnome zombies 3 geckos 6 jackals 2 foxes 6 kobolds 9 goblins 6 grid bugs 4 lichens a kobold zombie 4 newts 362 creatures vanquished. Voluntary challenges: You had been an atheist until turn 3717. You used a wielded weapon 351 times, starting on turn 13. You read items or engraved 34 times, starting on turn 6. You never genocided any monsters. You never polymorphed an object. You changed form 1 time, starting on turn 6638. You used no wishes. You never split a pudding. You never wrote Elbereth's name. You violated your moral code, losing 168 points of alignment, starting on turn 2286. Dungeon overview: The Dungeons of Doom: levels 1 to 9 Level 1 some fountains a long staircase Level 2 a general store, a fountain Level 3 a general store stairs to The Gnomish Mines Level 4 a fountain Level 5 a scroll shop, a fountain Level 6 some fountains, a sink, a throne Level 7 a fountain, a throne Level 8 a sink Level 9 <- You were here The Gnomish Mines: levels 4 to 12 Level 4 stairs to The Dungeons of Doom Level 5 Level 6 some shops, a temple to Odin, some fountains, a sink Level 7 Level 8 Level 9 Level 10 Level 11 Level 12 History has recorded: On T:1 you entered the Dungeons of Doom to retrieve the Amulet of Yendor! On T:456 you reached level 2 of The Dungeons of Doom. On T:814 you reached level 3 of The Dungeons of Doom. On T:988 you advanced to experience level 2. On T:1338 you advanced to experience level 3. On T:1425 you advanced to experience level 4. On T:1765 you reached level 1 of The Gnomish Mines. On T:2154 you reached level 2 of The Gnomish Mines. On T:2158 you advanced to experience level 5. On T:3031 you reached level 4 of The Dungeons of Doom. On T:3217 you advanced to experience level 6. On T:3445 you reached level 3 of The Gnomish Mines. On T:3829 you advanced to experience level 7. On T:4142 you reached level 4 of The Gnomish Mines. On T:4602 you reached level 5 of The Gnomish Mines. On T:5363 you reached level 6 of The Gnomish Mines. On T:5644 you advanced to experience level 8. On T:6758 you reached level 7 of The Gnomish Mines. On T:7221 you reached level 8 of The Gnomish Mines. On T:7384 you advanced to experience level 9. On T:7682 you reached level 9 of The Gnomish Mines. On T:9325 you reached level 5 of The Dungeons of Doom. On T:9814 you reached level 6 of The Dungeons of Doom. On T:10245 you reached level 7 of The Dungeons of Doom. On T:10397 you advanced to experience level 10. On T:10619 you reached level 8 of The Dungeons of Doom. On T:10764 you reached level 9 of The Dungeons of Doom. Score breakdown: Gold: 849 ( 9964 points) Experience: 10 levels (16712 points) Exploration: 12 levels ( 22.64%) (13797 points) Discoveries: 29 items ( 11.79%) (10300 points) Valuables value: (no points given unless you survive) Artifact value: 0 ( 0 points) Variety of kills: 92 monsters ( 24.15%) (14741 points) Turncount: 10785 turns (-2490 points) Survival: died (score multiplied by 80%) Total score: 50419 Latest messages: The magic missile misses the vrock. The magic missile bounces! (2x) The magic missile hits the large cat! The large cat misses the vrock. You are beginning to feel hungry. That food really hit the spot! You finish eating the food ration. This pancake is delicious! You finish eating the pancake. You stop. Your large cat is in the way! You displace your large cat. You stop running. You hit Yeenoghu! Yeenoghu swings his flail. Yeenoghu hits! Yeenoghu swings his flail. Yeenoghu hits! (2x) Yeenoghu casts a spell at you! You are hit by a shower of missiles! You die... Final status: Farvel ElectroGuy the Valkyrie, killed by Yeenoghu... You died in The Dungeons of Doom on dungeon level 9 with 50419 points, and 849 pieces of gold, after 10785 moves. You were level 10 with a maximum of 89 hit points when you died.